 Dungeon Crawl Stone Soup version 0.27.1-33-g824d729ab1 (webtiles) character file.

Game seed: 17185088727563015209

92 ces the Shield-Bearer (level 4, -1/41 HPs)
             Began as a Gnoll Fighter on Dec 1, 2021.
             Slain by a black bear (3 damage)
             ... on level 3 of the Dungeon.
             The game lasted 00:03:07 (1824 turns).

ces the Shield-Bearer (Gnoll Fighter)               Turns: 1824, Time: 00:03:08

Health: -1/41      AC:  7    Str: 17    XL:     4   Next: 60%
Magic:  5/5        EV:  8    Int:  7    God:
Gold:   148        SH: 10    Dex: 11    Spells: 5/5 levels left

rFire    . . .     SeeInvis .   a - +0 war axe
rCold    . . .     Faith    .   c - +0 kite shield
rNeg     . . .     Spirit   .   b - +0 scale mail
rPois    .         Reflect  .   (no helmet)
rElec    .         Harm     .   (no cloak)
rCorr    .         Rampage  .   (no gloves)
Will     .....                  (no boots)
Stlth    ..........             (no amulet)
HPRegen  0.13/turn              (no ring)
MPRegen  0.09/turn              (no ring)

@: no status effects
A: fangs 1, strong nose, distributed training
a: no special abilities


You were on level 3 of the Dungeon.
You visited 1 branch of the dungeon, and saw 4 of its levels.

You collected 148 gold pieces.

Inventory:

Hand Weapons
 a - a +0 war axe (weapon)
Armour
 b - a +0 scale mail (worn)
 c - a +0 kite shield (worn)
Jewellery
 j - a ring of willpower
Scrolls
 e - a scroll of fear {unknown}
 g - a scroll of fog {unknown}
 h - 2 scrolls of identify {unknown}
 i - 2 scrolls of amnesia {unknown}
 k - a scroll of vulnerability {unknown}
 l - a scroll of blinking {unknown}
Potions
 d - 4 potions of might
 f - a potion of degeneration {unknown}
 m - a potion of brilliance {unknown}
 n - a potion of magic {unknown}


   Skills:
 + Level 6.6 Fighting
 + Level 1.2 Short Blades
 + Level 1.2 Long Blades
 + Level 4.6 Axes
 + Level 1.2 Maces & Flails
 + Level 1.2 Polearms
 + Level 1.2 Staves
 + Level 1.2 Slings
 + Level 1.2 Bows
 + Level 1.2 Crossbows
 + Level 1.2 Throwing
 + Level 6.6 Armour
 + Level 1.2 Dodging
 + Level 1.2 Stealth
 + Level 6.6 Shields
 + Level 1.2 Unarmed Combat
 + Level 1.2 Spellcasting
 + Level 1.0 Conjurations
 + Level 1.0 Hexes
 + Level 1.0 Summonings
 + Level 1.0 Necromancy
 + Level 1.0 Translocations
 + Level 1.0 Transmutations
 + Level 1.0 Fire Magic
 + Level 1.0 Ice Magic
 + Level 1.0 Air Magic
 + Level 1.0 Earth Magic
 + Level 1.0 Poison Magic
 + Level 1.3 Invocations
 + Level 1.2 Evocations


You had 5 spell levels left.
You didn't know any spells.
Your spell library contained the following spells:

 Spells                   Type           Power      Damage    Failure   Level
 Ozocubu's Armour         Ice            1%         N/A       100%        3
 Ozocubu's Refrigeration  Ice            0%         4d5       100%        7


Dungeon Overview and Level Annotations

Branches:
Dungeon (4/15)
 Temple: D:4-7

Altars:
The Shining One


Innate Abilities, Weirdness & Mutations

You have very sharp teeth.
Your uncanny sense of smell can sniff out nearby items.
Your experience applies equally to all skills.


Message History

The black bear is heavily wounded.
The black bear bites you. The black bear claws you. x2
You block the black bear's attack.
The black bear claws you but does no damage.
The black bear closely misses you.
You hit the black bear.
The black bear is severely wounded.
The black bear goes berserk!
You closely miss the black bear.
The black bear is severely wounded.
The black bear bites you. You block the black bear's attack.
The black bear claws you but does no damage.
You block the black bear's attack. x2
The black bear claws you but does no damage.
You barely miss the black bear.
The black bear is severely wounded.
The black bear bites you! You block the black bear's attack. x2
The black bear bites you but does no damage.
The black bear claws you but does no damage. x2
You are too injured to fight recklessly!
You are too injured to fight recklessly!
You closely miss the black bear.
The black bear is severely wounded.
The black bear bites you but does no damage.
The black bear claws you. You block the black bear's attack. x2
The black bear barely misses you. The black bear claws you.
You barely miss the black bear.
The black bear is severely wounded.
The black bear bites you.
The black bear claws you but does no damage.
The black bear claws you.
* * * LOW HITPOINT WARNING * * *
The black bear barely misses you. You block the black bear's attack.
The black bear claws you.
* * * LOW HITPOINT WARNING * * *
The black bear bites you.
* * * LOW HITPOINT WARNING * * *
The black bear claws you but does no damage.
The black bear claws you.
You die...

.......###..# ##......###.#######
.......# ##.####.#..........##...
......รท# #..##..............#.#.
.......#####.....................
.........######...............#..
.......#....##................##.
........###...................##.
..............#...............###
##.....#......##@............## #
###..........###h.........>## #
#...##..##.#####........##
###.###......###.#.......##
#...#....#.....##....#..#
##.).##..#########....#.#
##..###..# #####.<.....#
#....#..###......####.#
##..........####.# ###


You could see a black bear (berserk).

Vanquished Creatures
  3 adders
  A white imp (D:3)
  A dart slug (D:1)
  4 ball pythons
  6 bats
  4 endoplasms
  7 giant cockroaches
  4 goblins
  2 hobgoblins
  2 jackals (D:3)
  3 quokkas
  6 frilled lizards
  5 kobolds
  6 rats
54 creatures vanquished.

Notes
Turn   | Place    | Note
-------+----------+-------------------------------------------
     0 | D:1      | ces the Gnoll Fighter began the quest for the Orb.
     0 | D:1      | Reached XP level 1. HP: 23/23 MP: 1/1
   145 | D:1      | Reached XP level 2. HP: 27/29 MP: 2/2
   446 | D:1      | Reached XP level 3. HP: 35/35 MP: 3/3
   683 | D:2      | Found a faded altar of an unknown god.
  1010 | D:2      | Reached skill level 1 in Invocations
  1014 | D:2      | Reached skill level 1 in Short Blades
  1014 | D:2      | Reached skill level 1 in Long Blades
  1014 | D:2      | Reached skill level 1 in Maces & Flails
  1014 | D:2      | Reached skill level 1 in Polearms
  1014 | D:2      | Reached skill level 1 in Staves
  1014 | D:2      | Reached skill level 1 in Slings
  1014 | D:2      | Reached skill level 1 in Bows
  1014 | D:2      | Reached skill level 1 in Crossbows
  1014 | D:2      | Reached skill level 1 in Throwing
  1014 | D:2      | Reached skill level 1 in Dodging
  1014 | D:2      | Reached skill level 1 in Stealth
  1014 | D:2      | Reached skill level 1 in Unarmed Combat
  1014 | D:2      | Reached skill level 1 in Spellcasting
  1014 | D:2      | Reached skill level 1 in Evocations
  1157 | D:2      | Reached XP level 4. HP: 41/41 MP: 5/5
  1184 | D:2      | Found a glowing golden altar of the Shining One.
  1578 | D:3      | Reached skill level 1 in Conjurations
  1578 | D:3      | Reached skill level 1 in Hexes
  1578 | D:3      | Reached skill level 1 in Summonings
  1578 | D:3      | Reached skill level 1 in Necromancy
  1578 | D:3      | Reached skill level 1 in Translocations
  1578 | D:3      | Reached skill level 1 in Transmutations
  1578 | D:3      | Reached skill level 1 in Fire Magic
  1578 | D:3      | Reached skill level 1 in Ice Magic
  1578 | D:3      | Reached skill level 1 in Air Magic
  1578 | D:3      | Reached skill level 1 in Earth Magic
  1578 | D:3      | Reached skill level 1 in Poison Magic
  1810 | D:4      | Noticed a black bear
  1824 | D:3      | HP: 2/41 [black bear (2)]
  1824 | D:3      | Slain by a black bear

Illustrated notes

Levels and vault maps discovered:
D:1:      nicolae_arrival_washed_ashore, layout_rooms, minmay_bisected
D:2:      layout_basic, basic_ecumenical_altar, basic_altar
D:3:      layout_rooms
D:4:      layout_cave_pools, cheibrodos_sewer_entry_bend, minmay_goblin_outpost,
          uniq_eustachio

Skill      XL: |  1  2  3  4 |
---------------+-------------+-----
Invocations    | 1 |  1.3
Short Blades   | 1 |  1.2
Long Blades    | 1 |  1.2
Maces & Flails | 1 |  1.2
Polearms       | 1 |  1.2
Staves         | 1 |  1.2
Slings         | 1 |  1.2
Bows           | 1 |  1.2
Crossbows      | 1 |  1.2
Throwing       | 1 |  1.2
Dodging        | 1 |  1.2
Stealth        | 1 |  1.2
Unarmed Combat | 1 |  1.2
Spellcasting   | 1 |  1.2
Evocations     | 1 |  1.2
Conjurations   | 1 |  1.0
Hexes          | 1 |  1.0
Summonings     | 1 |  1.0
Necromancy     | 1 |  1.0
Translocations | 1 |  1.0
Transmutations | 1 |  1.0
Fire Magic     | 1 |  1.0
Ice Magic      | 1 |  1.0
Air Magic      | 1 |  1.0
Earth Magic    | 1 |  1.0
Poison Magic   | 1 |  1.0
Fighting       | |  6.6
Axes           | |  4.6
Armour         | |  6.6
Shields        | |  6.6

Action                   |  1- 3 |  4- 6 || total
-------------------------+-------+-------++-------
Melee: War axe           |    77 |    48 ||   125
       Bite              |     4 |     2 ||     6
Armor: Scale mail        |    36 |    27 ||    63
Dodge: Dodged            |    25 |    21 ||    46
Block: Kite shield       |    38 |    33 ||    71
